 Dungeon Crawl Stone Soup version 0.31-a0-1074-g0b22e4e0f1 (webtiles) character file.

Game seed: 12049750556821429826

77 grandjackal the Sneak (level 4, -3/30 HPs)
             Began as a Vampire Enchanter on Dec 2, 2023.
             Slain by Grinder (4 damage)
             ... on level 3 of the Dungeon on Dec 3, 2023.
             The game lasted 00:03:56 (1439 turns).

grandjackal the Sneak (Vampire Enchanter)           Turns: 1439, Time: 00:03:56

Health: -3/30      AC:  2    Str:  7    XL:     4   Next: 13%
Magic:  7/7        EV: 12    Int: 19    God:
Gold:   23         SH:  0    Dex: 14    Spells: 5/7 levels left

rFire   . . .        a - +1 dagger
rCold   . . .        (no shield)
rNeg    + . .        b - +0 robe
rPois   .            (no helmet)
rElec   .            (no cloak)
rCorr   .            (no gloves)
SInv    +            (no boots)
Will    .....        (no amulet)
Stlth   +++          j - ring of positive energy
HPRegen 0.45/turn    (no ring)
MPRegen 0.10/turn

%: no passive effects
@: healing quickly
A: alive, fangs 3, see invisible, vampiric 2
a: Exsanguinate


You were on level 3 of the Dungeon.
You visited 1 branch of the dungeon, and saw 3 of its levels.

You collected 23 gold pieces.

Inventory:

Hand Weapons
 a - a +1 dagger (weapon)
Armour
 b - a +0 robe (worn)
Jewellery
 j - a ring of positive energy (left hand)
Scrolls
 d - 2 scrolls of identify {unknown}
 g - 2 scrolls of teleportation {unknown}
 i - a scroll of silence {unknown}
Potions
 c - 2 potions of invisibility
 e - 2 potions of haste {unknown}
 f - 3 potions of curing {unknown}
 h - a potion of mutation {unknown}
 k - a potion of enlightenment {unknown}
 l - a potion of resistance {unknown}


   Skills:
 + Level 2.2 Short Blades
 - Level 2.4 Dodging
 + Level 5.4 Stealth
 - Level 2.1 Spellcasting
 + Level 5.2 Hexes
 + Level 1.3 Ice Magic


You had 5 spell levels left.
You knew the following spells:

 Your Spells              Type           Power      Damage    Failure   Level
a - Ensorcelled Hibernat  Hex/Ice        28%        N/A       7%          2

Your spell library contained the following spells:

 Spells                   Type           Power      Damage    Failure   Level
 Confusing Touch          Hex            21%        N/A       6%          3
 Tukima's Dance           Hex            21%        N/A       6%          3
 Dazzling Flash           Conj/Hex       22%        N/A       17%         3
 Passwall                 Tmut/Erth      1%         N/A       26%         2
 Swiftness                Air            2%         N/A       45%         3


Dungeon Overview and Level Annotations

Branches:
Dungeon (3/15)

Altars:
Fedhas
Xom

Annotations:
D:3 Grinder


Innate Abilities, Weirdness & Mutations

Your natural rate of healing is accelerated.
You have razor-sharp teeth.
You have supernaturally acute eyesight. (SInv)
You are afflicted with vampirism and can become a bat while bloodless.


Message History

Grinder hits you.
You writhe in agony.
You hit Grinder but do no damage. You bite Grinder.
Grinder is almost dead.
Grinder gestures at you. You resist with significant effort.
You completely miss Grinder.
Grinder is almost dead.
Grinder barely misses you.
You hit Grinder. Your bite misses Grinder.
Grinder is almost dead.
Grinder hits you.
You writhe in agony.
You hit Grinder but do no damage. Your bite misses Grinder.
Grinder is almost dead.
Grinder hits you.
You writhe in agony.
You hit Grinder but do no damage.
Grinder is almost dead.
Grinder gestures at you. You resist with significant effort.
You hit Grinder but do no damage.
Grinder is almost dead.
Grinder blinks!
Grinder gestures at you.
You are unaffected.
You hit Grinder.
Grinder is almost dead.
You hit Grinder but do no damage.
Grinder is almost dead.
Grinder gestures at you. Pain shoots through your body!
You barely miss Grinder. You bite Grinder, but do no damage.
Grinder is almost dead.
Grinder hits you!
* * * LOW HITPOINT WARNING * * *
You writhe in agony.
* * * LOW HITPOINT WARNING * * *
You hit Grinder but do no damage.
Grinder is almost dead.
Grinder hits you.
You die...
Grinder says, "Now the real fun starts!"

####....####..
.............. ###
########.>.... ..#
####...
#.###############..#
#.##................
###.##..............##
#...................#
#....@..............#
#.....5.###########.#
#.......# #.#
#.......# #.#
.........# #.#
......##### ....##
####


You could see Grinder.

Vanquished Creatures
  2 adders (D:2)
  3 worms
  4 dart slugs
  5 bats
  5 endoplasms
  2 giant cockroaches
  3 goblins
  3 hobgoblins
  2 quokkas (D:1)
  2 ball pythons
  2 frilled lizards
  3 kobolds
  6 rats
42 creatures vanquished.

Notes
Turn   | Place    | Note
-------+----------+-------------------------------------------
     0 | D:1      | grandjackal the Vampire Enchanter began the quest for the
                  | Orb.
     0 | D:1      | Reached XP level 1. HP: 13/13 MP: 3/3
   106 | D:1      | Reached XP level 2. HP: 19/19 MP: 5/5
   109 | D:1      | Learned a level 2 spell: Ensorcelled Hibernation
   653 | D:2      | Reached skill level 5 in Stealth
   653 | D:2      | Gained mutation: You are afflicted with vampirism and can
                  | become a bat while bloodless. [Vampire growth]
   653 | D:2      | Reached XP level 3. HP: 21/24 MP: 1/6
   722 | D:2      | Reached skill level 1 in Ice Magic
   801 | D:2      | Reached skill level 5 in Hexes
  1007 | D:2      | Found a shimmering altar of Xom.
  1162 | D:2      | Reached XP level 4. HP: 30/30 MP: 7/7
  1348 | D:3      | Found a blossoming altar of Fedhas.
  1422 | D:3      | Noticed Grinder
  1438 | D:3      | HP: 1/30 [Grinder (2)]
  1439 | D:3      | Slain by Grinder

Illustrated notes

Levels and vault maps discovered:
D:1:      orjb1_clovarrival, layout_basic
D:2:      layout_basic, basic_altar, interstate_on_off, minivault_26
D:3:      layout_basic, mainiacjoe_overflow_alcove_2, uniq_grinder

Skill      XL: |  1  2  3 |
---------------+----------+-----
Stealth        | 5 |  5.4
Ice Magic      | 1 |  1.3
Short Blades   | 2 |  2.2
Hexes          | 5 |  5.2
Dodging        | |  2.4
Spellcasting   | |  2.1

Action                     |  1- 3 |  4- 6 || total
---------------------------+-------+-------++-------
  Melee: Dagger            |   119 |    26 ||   145
         Bite              |     8 |     4 ||    12
         Punch             |     1 |       ||     1
   Cast: Ensorcelled Hiber |     5 |     2 ||     7
   Stab: Sleeping          |    13 |     3 ||    16
 Armour: Robe              |    47 |    12 ||    59
  Dodge: Dodged            |    98 |     6 ||   104

Table legend: (Time is in decaauts)
 A = Elapsed time spent in this place.
 B = Non-inter-level travel time spent in this place.
 C = Inter-level travel time spent in this place.
 D = Time resting spent in this place.
 E = Time spent auto-exploring this place.
 F = Levels seen in this place.
 G = Mean time per level.
                   A        B        C        D        E       F      G
               +--------+--------+--------+--------+--------+-----+--------+
         Total |   1442 |   1364 |     78 |    143 |    855 |   3 |  480.7 |
       Dungeon |   1442 |   1364 |     78 |    143 |    855 |   3 |  480.7 |
               +--------+--------+--------+--------+--------+-----+--------+

Top non-repeatable levels by time:
     D:2: 713 daAuts
     D:1: 617 daAuts
     D:3: 111 daAuts
